 Dungeon Crawl Stone Soup version 0.17.0-9-g801d43b (console) character file.

34 gw the Skirmisher (level 3, -2/22 HPs)
             Began as a Deep Elf Abyssal Knight on Nov 10, 2015.
             Was a Follower of Lugonu.
             Slain by a worm (4 damage)
             ... on level 2 of the Dungeon.
             The game lasted 00:01:23 (1249 turns).

gw the Skirmisher (Deep Elf Abyssal Knight)         Turns: 1249, Time: 00:01:23

Health: -2/22      AC: 10    Str:  9    XL:     3   Next: 14%
Magic:  6/6        EV:  1    Int: 16    God:    Lugonu [*.....]
Gold:   71         SH:  0    Dex: 15    Spells: 0 memorised, 2 levels left

rFire  . . .     SeeInvis .     a - +1 short sword
rCold  . . .     Clarity  .     b - +0 plate armour
rNeg   . . .     SustAt   .     (no shield)
rPois  .         Gourm    .     d - +0 hat
rElec  .         Spirit   .     (no cloak)
rCorr  .         Warding  .     (no gloves)
rMut   .         Stasis   .     (no boots)
MR     .....                    (no amulet)
Stlth  ..........               (no ring)
                                (no ring)

@: not resistant to hostile enchantments, extremely unstealthy
A: no striking features
a: Depart the Abyss, Renounce Religion


You were on level 2 of the Dungeon.
You worshipped Lugonu.
Lugonu was aware of your devotion.
You were hungry.

You visited 1 branch of the dungeon, and saw 2 of its levels.
You visited the Abyss 1 time.

You collected 71 gold pieces.

Inventory:

Hand Weapons
 a - a +1 short sword (weapon)
Armour
 b - a +0 plate armour (worn)
 d - a +0 hat (worn)
Comestibles
 c - a bread ration


   Skills:
 + Level 2.7 Fighting
 * Level 2.7 Short Blades
 + Level 1.2 Armour
 - Level 2.4 Dodging
 + Level 2.3 Invocations


You had 2 spell levels left.
You didn't know any spells.

Dungeon Overview and Level Annotations

Branches:
Dungeon (2/15)

Altars:


Message History

ATTACKING (1,0)
You hit the worm.
The worm is heavily wounded.
The worm bites you.
Unknown command.
Unknown command.
Unknown command.
Unknown command.
ATTACKING (1,0)
Your plate armour prevents you from hitting the worm.
The worm is heavily wounded.
Unknown command.
Unknown command.
Unknown command.
Unknown command.
ATTACKING (1,0)
You hit the worm.
The worm is severely wounded.
The worm bites you.
You die...

#..## ####........
##.... .....#.....
##.....####.........
............<.......
.............#...!..
.......#.....# ..###
..>w..[......#. .#
..####...........#
#ew.......... #
#......)#######.....
........# .....
$.......# ...(.
#......## .. #######


You could see a worm.

Table legend:
 A = Turns spent in this place as a percentage of turns spent in the entire game.
 B = Non-inter-level travel turns spent in this place as a percentage of non-inter-level travel turns spent in the entire game.
 C = Inter-level travel turns spent in this place as a percentage of turns spent in this place.
 D = Turns resting spent in this place as a percentage of non-inter-level travel turns spent in this place.
 E = Turns spent auto-exploring this place as a percentage of non-inter-level travel turns spent in this place.
 F = Non-inter-level travel turns spent in this place divided by the number of levels of this place that you've seen.
                   A       B       C       D       E      F
               +-------+-------+-------+-------+-------+----------------------
         Total | 100.0 | 100.0 |   0.2 |   0.6 |   2.5 | 624.3
       Dungeon |  97.4 |  97.4 |   0.2 |   0.7 |   2.4 | 912.5
         Abyss |   2.6 |   2.6 |   0.0 |   0.0 |   6.2 |  48.0
               +-------+-------+-------+-------+-------+----------------------

Table legend:
 A = Kills in this place as a percentage of kills in entire the game.
 B = Kills by you in this place as a percentage of kills by you in the entire game.
 C = Kills by friends in this place as a percentage of kills by friends in the entire game.
 D = Other kills in this place as a percentage of other kills in the entire game.
 E = Experience gained in this place as a percentage of experience gained in the entire game.
 F = Experience gained in this place divided by the number of levels of this place that you have seen.
                   A       B       C       D       E      F
               +-------+-------+-------+-------+-------+----------------------
         Total | 100.0 | 100.0 |  -nan |  -nan | 100.0 |  16.3
       Dungeon | 100.0 | 100.0 |  -nan |  -nan | 100.0 |  24.5
               +-------+-------+-------+-------+-------+----------------------

Vanquished Creatures
  A giant gecko (D:1)
  A ball python (D:2)
  A giant cockroach (D:1)
  2 goblins
  6 hobgoblins
  6 jackals (D:1)
  A bat (D:1)
  4 giant newts (D:1)
  2 kobolds (D:1)
  7 rats (D:1)
31 creatures vanquished.

Notes
Turn   | Place    | Note
--------------------------------------------------------------
     0 | Abyss:1  | gw the Deep Elf Abyssal Knight began the quest for the Orb.
     0 | Abyss:1  | Reached XP level 1. HP: 13/13 MP: 4/4
    96 | Abyss:1  | Noticed a raiju
    97 | D:1      | Escaped the Abyss
   303 | D:1      | Reached skill level 1 in Armour
   523 | D:1      | Reached XP level 2. HP: 18/18 MP: 5/5
   778 | D:1      | Reached * piety under Lugonu
  1196 | D:1      | Reached XP level 3. HP: 22/22 MP: 6/6
  1249 | D:2      | Slain by a worm

Action                   || total
-------------------------++-------
Melee: Short sword       ||   116
Invok: Depart the Abyss  ||     1
  Eat: Chunk             ||     1

Vault maps used:
D:1:      dpeg_arrival_tiny_i, st_stairs_13
D:2:      uniq_crazy_yiuf_cottage
